General information
- name: BNet
- type: Ladder team game (AT/RT)
- host: Battle.net
- saver: jakbakmaou
map: Mur'gulOasis_LV
- players: 8
- length: 50:02
- speed: Fast
- version: 1.29 W3XP
- replay type: Public
» download(479 KB)
Players
team 1 (winner)

»
Spring_Water (
green | 57 APM | 2448 actions | 42:41)
5 Death Knight
3 Death Coil
2 Unholy Aura
5 Lich
3 Frost Nova
1 Dark Ritual
1 Frost Armor
2 Dreadlord
1 Vampiric Aura
1 Sleep
» actions
| Assign group hotkey | 34 | |
| Basic commands | 26 | |
| Build / train | 68 | |
| ESC pressed | 2 | |
| Enter build submenu | 22 | |
| Enter hero's abilities submenu | 12 | |
| Give item / drop item | 1 | |
| Right click | 1647 | |
| Select / deselect | 329 | |
| Select group hotkey | 217 | |
| Use ability | 90 | |
2448 total
» units
| Acolyte | 8 | |
| Ghoul | 5 | |
| Crypt Fiend | 8 | |
| Frost Wyrm | 9 | |
30 total
» upgrades
| Creature Attack | 2 | |
| Creature Carapace | 1 | |
| Web | 1 | |
| Freezing Breath | 1 | |
5 total
» buildings
| Altar of Darkness | 1 | |
| Crypt | 1 | |
| Ziggurat | 7 | |
| Graveyard | 1 | |
| Tomb of Relics | 1 | |
| Halls of the Dead | 2 | |
| Black Citadel | 1 | |
| Sacrificial Pit | 1 | |
| Boneyard | 2 | |
| Spirit Tower | 4 | |
21 total
» build order
00:19 Altar of Darkness
00:21 Crypt
00:38 Ziggurat
01:04 Graveyard
01:15 Tomb of Relics
02:01 Ziggurat
03:12 Ziggurat
04:17 Halls of the Dead
04:17 Halls of the Dead
07:55 Black Citadel
08:50 Sacrificial Pit
09:10 Ziggurat
09:27 Ziggurat
10:23 Boneyard
10:24 Boneyard
18:21 Ziggurat
18:22 Ziggurat
18:25 Spirit Tower
18:26 Spirit Tower
18:27 Spirit Tower
23:21 Spirit Tower
» items
| Rod of Necromancy | 1 | |
| Healing Salve | 1 | |
| Scroll of Town Portal | 4 | |
| Potion of Healing | 2 | |
| Staff of Teleportation | 1 | |
9 total
KBilly (
purple | 57 APM | 2864 actions | 49:52)
5 Blademaster
2 Wind Walk
3 Critical Strike
4 Shadow Hunter
2 Hex
2 Healing Wave
» actions
| Assign group hotkey | 55 | |
| Basic commands | 90 | |
| Build / train | 87 | |
| ESC pressed | 4 | |
| Enter build submenu | 42 | |
| Enter hero's abilities submenu | 9 | |
| Give item / drop item | 5 | |
| Right click | 1267 | |
| Select / deselect | 424 | |
| Select group hotkey | 652 | |
| Use ability | 229 | |
2864 total
» units
| Peon | 11 | |
| Grunt | 9 | |
| Raider | 10 | |
| Spirit Walker | 4 | |
| Kodo Beast | 2 | |
| Troll Batrider | 9 | |
45 total
» upgrades
| Ensnare | 1 | |
| Spirit Walker Training | 1 | |
| Berserker Strength | 1 | |
| Pillage | 1 | |
| Melee Weapons | 2 | |
| Armor | 2 | |
| War Drums Damage Increase | 1 | |
9 total
» buildings
| Altar of Storms | 2 | |
| Orc Burrow | 10 | |
| Barracks | 1 | |
| Voodoo Lounge | 4 | |
| Stronghold | 4 | |
| War Mill | 1 | |
| Watch Tower | 21 | |
| Spirit Lodge | 1 | |
| Beastiary | 3 | |
| Fortress | 1 | |
| Great Hall | 1 | |
49 total
» build order
00:06 Altar of Storms
00:20 Orc Burrow
00:35 Barracks
01:36 Orc Burrow
02:08 Voodoo Lounge
02:57 Stronghold
02:57 Stronghold
04:05 Orc Burrow
04:33 War Mill
05:43 Voodoo Lounge
05:48 Watch Tower
05:49 Watch Tower
06:16 Spirit Lodge
06:18 Beastiary
06:50 Watch Tower
06:51 Watch Tower
08:30 Orc Burrow
12:56 Fortress
13:03 Voodoo Lounge
14:00 Watch Tower
14:03 Watch Tower
15:25 Watch Tower
15:25 Watch Tower
15:27 Watch Tower
18:49 Voodoo Lounge
21:14 Watch Tower
21:14 Watch Tower
22:17 Orc Burrow
23:23 Great Hall
24:10 Orc Burrow
26:52 Orc Burrow
26:55 Orc Burrow
27:21 Stronghold
48:19 Altar of Storms
48:21 Beastiary
48:24 Beastiary
48:27 Watch Tower
48:28 Watch Tower
48:28 Watch Tower
48:30 Watch Tower
48:31 Watch Tower
48:32 Watch Tower
48:33 Watch Tower
49:24 Orc Burrow
49:28 Orc Burrow
49:36 Stronghold
49:43 Watch Tower
49:43 Watch Tower
49:44 Watch Tower
» items
| Healing Salve | 3 | |
| Lesser Clarity Potion | 1 | |
| Scroll of Protection | 1 | |
| Scroll of Healing | 2 | |
| Potion of Healing | 1 | |
| Orb of Lightning | 1 | |
| Scroll of Town Portal | 1 | |
| Potion of Lesser Invulnerability | 1 | |
| Circlet of Nobility | 1 | |
| Boots of Speed | 1 | |
| Tiny Great Hall | 1 | |
| Potion of Mana | 1 | |
15 total
oniksni (
teal | 51 APM | 885 actions | 17:19)
3 Priestess of the Moon
1 Searing Arrows
2 Trueshot Aura
» actions
| Assign group hotkey | 4 | |
| Basic commands | 17 | |
| Build / train | 55 | |
| Enter build submenu | 19 | |
| Enter hero's abilities submenu | 3 | |
| Give item / drop item | 1 | |
| Remove unit from queue | 9 | |
| Right click | 444 | |
| Select / deselect | 262 | |
| Select group hotkey | 9 | |
| Use ability | 62 | |
885 total
» units
» upgrades
| Improved Bows | 1 | |
| Strength of the Moon | 2 | |
| Moon Armor | 1 | |
4 total
» buildings
| Altar of Elders | 1 | |
| Moon Well | 7 | |
| Ancient of War | 2 | |
| Tree of Ages | 1 | |
| Ancient of Wonders | 1 | |
| Hunter's Hall | 1 | |
| Ancient Protector | 3 | |
| Ancient of Wind | 3 | |
| Tree of Eternity | 1 | |
20 total
» build order
00:11 Altar of Elders
00:21 Moon Well
01:23 Ancient of War
01:59 Moon Well
02:01 Moon Well
02:46 Ancient of War
02:52 Moon Well
03:35 Tree of Ages
04:04 Ancient of Wonders
04:31 Hunter's Hall
07:41 Moon Well
08:30 Moon Well
08:36 Ancient Protector
09:34 Ancient Protector
11:39 Ancient Protector
12:12 Ancient of Wind
12:36 Ancient of Wind
12:50 Moon Well
14:15 Tree of Eternity
15:53 Ancient of Wind
» items
| Moonstone | 1 | |
| Potion of Healing | 1 | |
| Scroll of Town Portal | 2 | |
| Staff of Preservation | 1 | |
5 total
TheDragon (
pink | 54 APM | 2572 actions | 47:49)
9 Blademaster
3 Wind Walk
3 Critical Strike
1 Bladestorm
2 Mirror Image
» actions
| Assign group hotkey | 53 | |
| Basic commands | 84 | |
| Build / train | 100 | |
| Enter build submenu | 70 | |
| Enter hero's abilities submenu | 9 | |
| Give item / drop item | 5 | |
| Remove unit from queue | 3 | |
| Right click | 1176 | |
| Select / deselect | 443 | |
| Select group hotkey | 417 | |
| Use ability | 212 | |
2572 total
» units
| Peon | 21 | |
| Grunt | 4 | |
| Wind Rider | 6 | |
| Troll Batrider | 4 | |
35 total
» upgrades
| Reinforced Defenses | 1 | |
| Armor | 3 | |
| Ranged Weapons | 3 | |
| Liquid Fire | 1 | |
| Witch Doctor Training | 2 | |
| Shaman Training | 2 | |
| Spiked Barricades | 3 | |
| Troll Regeneration | 1 | |
| Envenomed Spears | 1 | |
| Ensnare | 1 | |
| Pillage | 1 | |
| Melee Weapons | 3 | |
| War Drums Damage Increase | 1 | |
| Burning Oil | 1 | |
| Spirit Walker Training | 1 | |
25 total
» buildings
| Orc Burrow | 4 | |
| Altar of Storms | 1 | |
| Barracks | 1 | |
| Stronghold | 1 | |
| Voodoo Lounge | 4 | |
| War Mill | 2 | |
| Beastiary | 4 | |
| Fortress | 1 | |
| Great Hall | 4 | |
| Watch Tower | 47 | |
| Spirit Lodge | 1 | |
70 total
» build order
00:11 Orc Burrow
00:51 Orc Burrow
01:05 Altar of Storms
01:05 Barracks
02:39 Stronghold
03:15 Voodoo Lounge
03:43 Orc Burrow
05:00 War Mill
05:07 Beastiary
05:08 Beastiary
05:20 Fortress
06:17 Orc Burrow
10:12 Great Hall
10:15 Watch Tower
10:16 Watch Tower
10:17 Watch Tower
10:17 Watch Tower
10:19 Watch Tower
10:20 Watch Tower
10:21 Watch Tower
11:59 Watch Tower
12:00 Watch Tower
12:00 Watch Tower
12:01 Watch Tower
12:18 Voodoo Lounge
12:50 War Mill
15:54 Watch Tower
15:55 Watch Tower
16:01 Watch Tower
16:01 Watch Tower
16:02 Watch Tower
16:03 Watch Tower
16:06 Watch Tower
16:11 Watch Tower
16:12 Watch Tower
16:13 Watch Tower
16:17 Watch Tower
19:17 Beastiary
19:23 Beastiary
25:28 Voodoo Lounge
25:30 Voodoo Lounge
27:02 Watch Tower
27:02 Watch Tower
27:03 Watch Tower
27:04 Watch Tower
27:36 Watch Tower
27:37 Watch Tower
27:37 Watch Tower
27:38 Watch Tower
27:38 Watch Tower
30:05 Spirit Lodge
30:48 Great Hall
30:53 Watch Tower
30:53 Watch Tower
30:54 Watch Tower
30:55 Watch Tower
33:31 Great Hall
33:35 Watch Tower
33:36 Watch Tower
33:37 Watch Tower
33:37 Watch Tower
33:47 Watch Tower
33:48 Watch Tower
33:48 Watch Tower
33:52 Watch Tower
35:11 Great Hall
35:13 Watch Tower
35:14 Watch Tower
35:15 Watch Tower
35:15 Watch Tower
» items
| Healing Salve | 8 | |
| Orb of Lightning | 1 | |
| Scroll of Town Portal | 2 | |
| Potion of Mana | 3 | |
| Staff of Teleportation | 2 | |
| Potion of Lesser Invulnerability | 1 | |
| Dust of Appearance | 2 | |
| Lesser Clarity Potion | 3 | |
| Potion of Healing | 2 | |
| Periapt of Vitality | 1 | |
25 total
team 2 (loser)

»
CostcoWholesale (
blue | 177 APM | 5340 actions | 30:15)
5 Death Knight
3 Death Coil
2 Unholy Aura
4 Lich
2 Frost Nova
2 Frost Armor
» actions
| Assign group hotkey | 43 | |
| Basic commands | 127 | |
| Build / train | 102 | |
| ESC pressed | 7 | |
| Enter build submenu | 28 | |
| Enter hero's abilities submenu | 9 | |
| Give item / drop item | 3 | |
| Remove unit from queue | 1 | |
| Right click | 2302 | |
| Select / deselect | 395 | |
| Select group hotkey | 2162 | |
| Use ability | 160 | |
5340 total
» units
| Acolyte | 11 | |
| Ghoul | 6 | |
| Crypt Fiend | 19 | |
| Obsidian Statue | 3 | |
| Frost Wyrm | 1 | |
40 total
» upgrades
| Creature Attack | 3 | |
| Web | 1 | |
| Burrow | 1 | |
| Creature Carapace | 2 | |
| Destroyer Form | 1 | |
| Freezing Breath | 1 | |
9 total
» buildings
| Ziggurat | 9 | |
| Altar of Darkness | 1 | |
| Crypt | 2 | |
| Graveyard | 2 | |
| Tomb of Relics | 1 | |
| Halls of the Dead | 3 | |
| Spirit Tower | 6 | |
| Slaughterhouse | 1 | |
| Black Citadel | 1 | |
| Sacrificial Pit | 1 | |
| Boneyard | 2 | |
| Necropolis | 4 | |
33 total
» build order
01:11 Ziggurat
01:13 Ziggurat
01:14 Altar of Darkness
01:37 Crypt
01:57 Graveyard
01:58 Graveyard
02:08 Tomb of Relics
02:31 Ziggurat
03:00 Ziggurat
03:03 Ziggurat
04:56 Halls of the Dead
04:56 Halls of the Dead
04:56 Halls of the Dead
08:25 Spirit Tower
08:25 Spirit Tower
08:27 Spirit Tower
08:28 Spirit Tower
08:58 Ziggurat
08:59 Ziggurat
09:54 Slaughterhouse
11:50 Black Citadel
15:21 Spirit Tower
15:21 Spirit Tower
17:14 Sacrificial Pit
18:48 Boneyard
18:54 Crypt
18:57 Boneyard
20:57 Necropolis
23:52 Ziggurat
26:49 Necropolis
26:52 Necropolis
26:56 Necropolis
29:23 Ziggurat
» items
| Rod of Necromancy | 1 | |
| Potion of Healing | 8 | |
| Dust of Appearance | 3 | |
| Potion of Mana | 3 | |
| Scroll of Town Portal | 4 | |
| Potion of Lesser Invulnerability | 2 | |
| Orb of Corruption | 1 | |
| Sacrificial Skull | 1 | |
| Scroll of Healing | 1 | |
24 total
princeofegypt (
yellow | 41 APM | 1772 actions | 43:26)
7 Priestess of the Moon
3 Trueshot Aura
3 Searing Arrows
1 Starfall
» actions
| Basic commands | 27 | |
| Build / train | 109 | |
| Enter build submenu | 12 | |
| Enter hero's abilities submenu | 7 | |
| Give item / drop item | 8 | |
| Remove unit from queue | 6 | |
| Right click | 960 | |
| Select / deselect | 591 | |
| Use ability | 52 | |
1772 total
» units
| Wisp | 9 | |
| Archer | 39 | |
| Hippogryph | 22 | |
70 total
» upgrades
| Strength of the Moon | 3 | |
| Moon Armor | 3 | |
| Hippogryph Taming | 1 | |
| Improved Bows | 1 | |
| Marksmanship | 1 | |
| Ultravision | 1 | |
10 total
» buildings
| Moon Well | 7 | |
| Ancient of War | 1 | |
| Altar of Elders | 1 | |
| Hunter's Hall | 1 | |
| Tree of Ages | 2 | |
| Ancient of Wind | 1 | |
| Tree of Eternity | 2 | |
15 total
» build order
00:06 Moon Well
00:34 Ancient of War
01:08 Altar of Elders
01:11 Moon Well
02:35 Moon Well
03:25 Hunter's Hall
04:49 Tree of Ages
04:49 Tree of Ages
05:44 Moon Well
07:14 Ancient of Wind
10:38 Tree of Eternity
10:38 Tree of Eternity
22:01 Moon Well
22:04 Moon Well
23:18 Moon Well
» items
| Circlet of Nobility | 3 | |
| Scroll of Town Portal | 3 | |
| Periapt of Vitality | 1 | |
| Boots of Speed | 1 | |
8 total
jakbakmaou (
red | 114 APM | 5683 actions | 50:02)
8 Archmage
3 Summon Water Elemental
3 Brilliance Aura
1 Mass Teleport
1 Blizzard
7 Mountain King
3 Storm Bolt
3 Bash
1 Avatar
» actions
| Assign group hotkey | 99 | |
| Basic commands | 218 | |
| Build / train | 178 | |
| ESC pressed | 4 | |
| Enter build submenu | 73 | |
| Enter hero's abilities submenu | 16 | |
| Give item / drop item | 11 | |
| Right click | 1408 | |
| Select / deselect | 839 | |
| Select group hotkey | 2458 | |
| Use ability | 379 | |
5683 total
» units
| Peasant | 20 | |
| Footman | 5 | |
| Rifleman | 9 | |
| Priest | 4 | |
| Gryphon Rider | 3 | |
| Dragonhawk Rider | 3 | |
| Sorceress | 3 | |
| Flying Machine | 1 | |
48 total
» upgrades
| Gunpowder | 4 | |
| Armor | 3 | |
| Long Rifles | 1 | |
| Priest Training | 2 | |
| Sorceress Training | 2 | |
| Masonry | 3 | |
| Swords | 3 | |
| Animal War Training | 1 | |
| Storm Hammers | 1 | |
| Cloud | 1 | |
| Plating | 3 | |
| Magic Sentry | 1 | |
| Lumber Harvesting | 2 | |
| Control Magic | 1 | |
28 total
» buildings
| Barracks | 1 | |
| Altar of Kings | 1 | |
| Farm | 12 | |
| Lumber Mill | 1 | |
| Arcane Vault | 4 | |
| Blacksmith | 2 | |
| Keep | 1 | |
| Scout Tower | 38 | |
| Guard Tower | 35 | |
| Arcane Tower | 13 | |
| Arcane Sanctum | 2 | |
| Castle | 2 | |
| Town Hall | 3 | |
| Gryphon Aviary | 3 | |
| Workshop | 1 | |
119 total
» build order
00:48 Barracks
00:50 Altar of Kings
00:53 Farm
01:06 Farm
01:15 Farm
01:55 Lumber Mill
02:09 Arcane Vault
02:30 Farm
03:20 Blacksmith
03:57 Keep
04:38 Farm
04:58 Scout Tower
05:15 Scout Tower
05:22 Scout Tower
05:44 Guard Tower
05:48 Arcane Tower
05:48 Arcane Tower
05:48 Arcane Tower
06:48 Farm
07:59 Arcane Sanctum
08:02 Arcane Sanctum
09:13 Castle
09:13 Castle
11:25 Arcane Vault
11:29 Arcane Vault
11:31 Scout Tower
11:32 Scout Tower
12:15 Guard Tower
12:42 Town Hall
12:43 Scout Tower
12:44 Scout Tower
12:45 Scout Tower
12:45 Scout Tower
12:58 Farm
13:18 Blacksmith
13:21 Guard Tower
13:21 Guard Tower
13:23 Scout Tower
13:23 Scout Tower
13:24 Scout Tower
13:25 Scout Tower
13:28 Scout Tower
13:32 Arcane Vault
13:51 Arcane Tower
13:51 Arcane Tower
13:52 Guard Tower
13:54 Arcane Tower
13:54 Arcane Tower
14:27 Guard Tower
14:32 Arcane Tower
14:40 Guard Tower
17:26 Gryphon Aviary
17:27 Gryphon Aviary
17:31 Gryphon Aviary
20:30 Scout Tower
20:33 Scout Tower
20:37 Scout Tower
20:50 Guard Tower
20:51 Guard Tower
20:52 Guard Tower
20:53 Guard Tower
21:06 Guard Tower
21:06 Guard Tower
21:07 Guard Tower
21:18 Guard Tower
21:18 Guard Tower
21:25 Scout Tower
21:28 Scout Tower
21:31 Scout Tower
21:37 Scout Tower
22:13 Guard Tower
22:13 Guard Tower
23:39 Farm
23:41 Farm
24:31 Farm
24:31 Farm
24:32 Farm
24:53 Scout Tower
24:55 Scout Tower
25:34 Guard Tower
25:34 Guard Tower
30:04 Town Hall
30:08 Scout Tower
30:09 Scout Tower
30:15 Scout Tower
30:16 Scout Tower
30:20 Scout Tower
30:21 Scout Tower
30:26 Scout Tower
30:27 Scout Tower
30:46 Arcane Tower
30:48 Guard Tower
31:05 Guard Tower
31:05 Guard Tower
31:05 Guard Tower
31:05 Guard Tower
31:06 Guard Tower
31:07 Guard Tower
31:19 Arcane Tower
31:19 Guard Tower
31:19 Guard Tower
31:20 Guard Tower
31:20 Guard Tower
35:07 Town Hall
35:08 Scout Tower
35:09 Scout Tower
35:10 Scout Tower
35:10 Scout Tower
35:11 Scout Tower
35:11 Scout Tower
35:38 Guard Tower
35:38 Guard Tower
36:18 Arcane Tower
36:20 Guard Tower
36:20 Guard Tower
39:13 Scout Tower
40:26 Arcane Tower
40:26 Arcane Tower
48:36 Workshop
» items
| Staff of Teleportation | 2 | |
| Scroll of Regeneration | 4 | |
| Boots of Speed | 1 | |
| Potion of Healing | 2 | |
| Scroll of Town Portal | 1 | |
| Staff of Sanctuary | 1 | |
| Orb of Fire | 1 | |
| Lesser Clarity Potion | 1 | |
| Mechanical Critter | 3 | |
| Potion of Lesser Invulnerability | 1 | |
| Ivory Tower | 3 | |
20 total

»
gRUSSLe (
orange | 105 APM | 2112 actions | 20:03)
2 Dreadlord
1 Sleep
1 Vampiric Aura
2 Death Knight
1 Death Coil
1 Unholy Aura
» actions
| Assign group hotkey | 15 | |
| Basic commands | 127 | |
| Build / train | 82 | |
| ESC pressed | 12 | |
| Enter build submenu | 18 | |
| Enter hero's abilities submenu | 4 | |
| Right click | 1312 | |
| Select / deselect | 417 | |
| Select group hotkey | 56 | |
| Use ability | 69 | |
2112 total
» units
» upgrades
| Unholy Strength | 2 | |
| Cannibalize | 1 | |
| Unholy Armor | 2 | |
5 total
» buildings
| Altar of Darkness | 1 | |
| Ziggurat | 5 | |
| Crypt | 1 | |
| Graveyard | 4 | |
| Tomb of Relics | 1 | |
| Nerubian Tower | 1 | |
| Halls of the Dead | 6 | |
| Spirit Tower | 2 | |
| Black Citadel | 1 | |
| Slaughterhouse | 1 | |
| Necropolis | 1 | |
24 total
» build order
00:03 Altar of Darkness
00:09 Ziggurat
00:37 Crypt
00:59 Graveyard
01:16 Ziggurat
02:11 Tomb of Relics
03:07 Ziggurat
03:51 Nerubian Tower
04:27 Halls of the Dead
04:27 Halls of the Dead
04:27 Halls of the Dead
05:23 Spirit Tower
05:24 Spirit Tower
11:33 Black Citadel
13:09 Ziggurat
13:58 Ziggurat
14:06 Slaughterhouse
15:08 Necropolis
17:26 Graveyard
17:49 Graveyard
18:42 Graveyard
18:58 Halls of the Dead
18:58 Halls of the Dead
18:58 Halls of the Dead
» items
Chat log
(00:14 / All) KBilly: what does "LV" stand for?
(00:23 / All) gRUSSLe: lambs vagina
(00:30 / All) KBilly: hot
(00:31 / All) Spring_Water: lady vash
(00:33 / All) KBilly: stop trying to turn me on
(00:40 / All) Spring_Water: sea bitch
(05:00 / All) Spring_Water: lol
(05:02 / Allies) gRUSSLe: they rushing me
(05:04 / All) Spring_Water: suround a bm?
(05:48 / Allies) CostcoWholesale: cp,omg
(05:49 / Allies) CostcoWholesale: sec
(05:55 / Allies) princeofegypt: zzz
(06:49 / Allies) CostcoWholesale: cant come soprry
(06:50 / Allies) CostcoWholesale: hp problems
(06:57 / Allies) CostcoWholesale: i do lot of dmg
(06:58 / Allies) gRUSSLe: well gg then
(07:17 / Allies) CostcoWholesale: naw
(10:12 / All) Spring_Water: n
(10:54 / Allies) CostcoWholesale: fight
(11:46 / Allies) CostcoWholesale: b
(11:47 / Allies) CostcoWholesale: b
(11:52 / All) Spring_Water: oiuch
(12:00 / All) princeofegypt: gg
(12:13 / Allies) princeofegypt: red u creep for the win
(12:15 / Allies) princeofegypt: cool!!!
(12:21 / Allies) jakbakmaou: shut up slave
(12:27 / Allies) princeofegypt: burrows oj
(12:36 / Allies) princeofegypt: 2 ghouls btw noob
(13:40 / All) Spring_Water: lol
(15:54 / Allies) CostcoWholesale: spare gold plz
(18:18 / Allies) CostcoWholesale: spare gold plz
(18:21 / Allies) CostcoWholesale: just 500
(18:22 / Allies) CostcoWholesale: opr 1k
(18:25 / Allies) CostcoWholesale: ill give u lumber
(18:26 / Allies) jakbakmaou: I'm saving
(18:29 / Allies) jakbakmaou: k
(18:30 / Allies) jakbakmaou: for lumber
(18:32 / Allies) CostcoWholesale: gold plz
(19:43 / All) Spring_Water: 5 G?
(19:47 / Allies) CostcoWholesale: hit this orc
(19:49 / Allies) CostcoWholesale: he is annoying
(19:49 / Allies) CostcoWholesale: lvl 6
(19:50 / All) CostcoWholesale: +
(19:59 / Allies) gRUSSLe: im dead
(20:14 / Allies) CostcoWholesale: gold
(20:15 / Allies) CostcoWholesale: ...
(20:15 / Allies) CostcoWholesale: plz
(20:17 / Allies) CostcoWholesale: we will lose this ..
(20:18 / Allies) CostcoWholesale: ez win
(20:18 / Allies) jakbakmaou: lumber plz
(20:47 / Allies) CostcoWholesale: stick togehter plz
(21:18 / Allies) CostcoWholesale: gold
(21:29 / Allies) CostcoWholesale: hit toeghet now
(21:30 / Allies) CostcoWholesale: go toegheter now
(21:35 / Allies) jakbakmaou: l=k
(21:36 / Allies) CostcoWholesale: meet now
(21:43 / Allies) princeofegypt: plz make units
(21:45 / Allies) CostcoWholesale: stay
(21:46 / Allies) CostcoWholesale: there
(21:56 / Allies) CostcoWholesale: wait
(21:58 / Allies) CostcoWholesale: go with night elf
(22:03 / Allies) CostcoWholesale: come now
(22:05 / Allies) CostcoWholesale: prince fast
(22:16 / Allies) CostcoWholesale: WAIT ..
(22:36 / Allies) princeofegypt: red why no units
(22:37 / Allies) princeofegypt: ?
(22:40 / Allies) jakbakmaou: I have units
(22:42 / Allies) princeofegypt: u going to win gaem with 50 food?
(22:46 / Allies) jakbakmaou: yes
(22:49 / Allies) jakbakmaou: tp
(22:54 / Allies) jakbakmaou: tp
(22:59 / Allies) CostcoWholesale: main
(22:59 / Allies) CostcoWholesale: main
(23:01 / Allies) jakbakmaou: expo
(23:03 / Allies) CostcoWholesale: not
(23:04 / Allies) CostcoWholesale: let it go ..
(23:06 / Allies) jakbakmaou: cuz you idiots don't help
(23:12 / Allies) CostcoWholesale: stats jakbakmaou
(23:15 / Allies) CostcoWholesale: stats jakbakmaou
(23:20 / Allies) jakbakmaou: I left my other game
(23:21 / Allies) jakbakmaou: got a problem?
(23:41 / Allies) CostcoWholesale: opc so fed ..
(24:08 / Allies) CostcoWholesale: gop now
(24:13 / Allies) CostcoWholesale: wait
(24:14 / Allies) CostcoWholesale: for tower
(24:20 / Allies) CostcoWholesale: no tp
(24:41 / Allies) princeofegypt: why
(24:42 / Allies) CostcoWholesale: why did you tp ?
(24:46 / Allies) princeofegypt: go expo man
(24:50 / Allies) princeofegypt: wtf u think
(25:10 / All) CostcoWholesale: how da fuck u get fed so fast .. bm
(25:11 / All) CostcoWholesale: sigh ..
(25:12 / All) CostcoWholesale: GG
(25:12 / All) CostcoWholesale: WP
(25:20 / Allies) princeofegypt: ?
(25:22 / All) KBilly: ?
(25:25 / Allies) CostcoWholesale: can we hit this annoying ass orc
(25:37 / Allies) jakbakmaou: no too many towers
(25:49 / All) TheDragon: Want some?
(25:52 / All) TheDragon: Come get some
(26:35 / All) TheDragon: couldn't click the damn shade
(27:20 / Allies) CostcoWholesale: make sure to disjoin hittpos
(27:22 / Allies) CostcoWholesale: hippos vs ud
(28:25 / Allies) princeofegypt: just go on pinks exp o
(28:30 / Allies) princeofegypt: they dont have many units
(28:31 / Allies) princeofegypt: left
(29:28 / Allies) CostcoWholesale: nice
(29:29 / Allies) CostcoWholesale: lost my
(29:31 / Allies) CostcoWholesale: hero
(29:38 / Allies) jakbakmaou: good job
(29:39 / Allies) CostcoWholesale: FIGH
(29:40 / Allies) CostcoWholesale: ffs
(30:01 / All) CostcoWholesale: GG
(30:01 / All) CostcoWholesale: IM out
(30:05 / All) CostcoWholesale: this human is annoyin and so bad
(30:10 / All) CostcoWholesale: |kill me
(30:12 / All) jakbakmaou: blue is annoyin and so mad
(32:15 / Allies) jakbakmaou: baddie
(32:16 / Allies) jakbakmaou: lol
(32:27 / Allies) princeofegypt: ?
(32:41 / Allies) princeofegypt: u dont want trueshot?
(33:12 / Allies) princeofegypt: i never said anything to you lol
(33:18 / Allies) jakbakmaou: yes you did raped you tons of times
(33:32 / Allies) princeofegypt: sure
(33:35 / Allies) jakbakmaou: I'm on your tk list but you're too dumb to realise I don't use same name twice
(33:39 / Allies) jakbakmaou: you rage every time i play with you
(33:43 / Allies) princeofegypt: thats right
(33:45 / Allies) jakbakmaou: slave of egypt
(33:47 / Allies) princeofegypt: ur a gold horder
(34:00 / Allies) princeofegypt: could of won this game so long ago
(34:03 / Allies) princeofegypt: if u play normal
(35:57 / All) TheDragon: SLAEV OF EGYPT
(35:58 / All) TheDragon: I REBUKE THEE
(36:38 / Allies) princeofegypt: every one hates you lol
(36:47 / Allies) jakbakmaou: oh ok
(37:02 / Allies) princeofegypt: u made team mate go suicide he hate u so much ll
(37:03 / Allies) princeofegypt: lol
(37:10 / Allies) jakbakmaou: good
(37:12 / Allies) jakbakmaou: didn't need him
(37:14 / Allies) princeofegypt: and he called you a moron
(37:17 / Allies) jakbakmaou: oh no
(37:21 / Allies) jakbakmaou: my feelings are so hurt
(37:39 / Allies) princeofegypt: multiple peoples opinion are wrong about you?
(37:49 / Allies) jakbakmaou: so if enough people say something it's true?
(37:56 / Allies) jakbakmaou: what if a million people say the moon is made of cheese
(38:07 / Allies) princeofegypt: it means that many think your an idiot
(38:08 / Allies) princeofegypt: lol
(38:11 / Allies) princeofegypt: thats all
(38:23 / Allies) jakbakmaou: and I should care why?
(38:29 / Allies) princeofegypt: its good
(38:30 / All) KBilly: did you two plan this from the beginning?
(38:30 / Allies) jakbakmaou: because you are insecure and would care about that, so should I?
(38:39 / Allies) princeofegypt: ignorance is nice way to live
(38:48 / Allies) princeofegypt: i like that about you
(38:56 / Allies) jakbakmaou: is that why you are ignorant about how to play this game?
(38:59 / Allies) jakbakmaou: worst orc ever!
(39:10 / All) KBilly: pink has 11k gold and he's just sitting on it
(39:14 / All) KBilly: this game is a joke.
(39:15 / Allies) princeofegypt: majority of teams you play on think your retard lol
(39:23 / Allies) jakbakmaou: oh cool
(39:27 / Allies) princeofegypt: makes it very funny to me the way u think
(39:38 / Allies) princeofegypt: all others are wrong and u are good player?
(39:57 / Allies) jakbakmaou: I'm deliberately playing the way I am because I'm stabbing
(40:00 / Allies) jakbakmaou: not playing for wins
(40:15 / Allies) princeofegypt: this is why all players think your an idiot
(40:44 / Allies) princeofegypt: the format best for you would be free for all
(40:49 / Allies) jakbakmaou: thanks
(40:51 / Allies) jakbakmaou: good to know
(40:53 / Allies) princeofegypt: you play 1 % team 99 % selfish
(41:05 / Allies) princeofegypt: thats why noobs on here think your a retard
(41:11 / Allies) princeofegypt: which isnt far off
(41:13 / Allies) jakbakmaou: o
(41:16 / Allies) jakbakmaou: good one
(41:26 / Allies) princeofegypt: playing a team game and play this way makes you look like an idiot
(41:37 / Allies) jakbakmaou: good thing I care about how I look to random 4v4 players like you
(41:49 / Allies) princeofegypt: good thing
(41:51 / Allies) princeofegypt: ;)
(42:12 / Allies) princeofegypt: why do you come here to ruin games
(42:16 / Allies) princeofegypt: this is fun for you ?
(42:32 / Allies) jakbakmaou: no I do it because I'm a masochist, I hate it
(42:37 / Allies) jakbakmaou: why's it all about you yellow
(42:41 / Allies) jakbakmaou: why do you care how I have fun with my games
(42:54 / Allies) princeofegypt: your dilusional
(43:06 / Allies) jakbakmaou: my dilusional?
(43:07 / Allies) princeofegypt: not normal my friend
(43:07 / Allies) jakbakmaou: what's that
(43:22 / Allies) princeofegypt: gl man i really feel bad for you now
(45:49 / All) jakbakmaou: owned
(45:49 / All) TheDragon: Hah!
(45:52 / All) KBilly: Yeah, I knew you were BSers.
(45:53 / All) TheDragon: Out of the frying pan into the fire!
(46:05 / All) jakbakmaou: Billy boi got raped
(46:09 / All) TheDragon: We prefer the term "Win Repo Men"
(46:15 / All) TheDragon: BSer is offensive to our kind